 Dungeon Crawl Stone Soup version 0.28.0-53-g5a82cb258f (webtiles) character file.

Game seed: 16399745205902220165

3873 Sin92 the Spear-Bearer (level 10, -1/79 HPs)
             Began as a Demonspawn Fighter on Aug 16, 2022.
             Was a Believer of Okawaru.
             Killed from afar by an orc wizard (10 damage)
             ... with a magic dart
             ... on level 9 of the Dungeon on Aug 17, 2022.
             The game lasted 00:11:16 (9141 turns).

Sin92 the Spear-Bearer (Demonspawn Fighter)         Turns: 9141, Time: 00:11:16

Health: -1/79      AC: 13    Str: 18    XL:     10   Next: 0%
Magic:  10/10      EV:  6    Int: 11    God:    Okawaru [**....]
Gold:   274        SH: 16    Dex: 14    Spells: 9/9 levels left

rFire   . . .      SeeInvis .   m - +3 trident (chaos)
rCold   + . .      Faith    .   i - +0 kite shield
rNeg    . . .      Spirit   .   C - +2 chain mail {rC+}
rPois   .          Reflect  .   (helmet restricted)
rElec   .          Harm     .   (no cloak)
rCorr   .          Rampage  .   w - +0 pair of gloves
Will    .....                   (no boots)
Stlth   ..........              (no amulet)
HPRegen 2.23/turn               (no ring)
MPRegen 0.12/turn               (no ring)

@: mighty
A: horns 1, large bone plates 2, foul stench 2, powered by death 2
a: Renounce Religion, Heroism


You were on level 9 of the Dungeon.
You worshipped Okawaru.
Okawaru was pleased with you.
You visited 2 branches of the dungeon, and saw 10 of its levels.

You collected 578 gold pieces.
You spent 304 gold pieces at shops.

Inventory:

Hand Weapons
 a - a +0 war axe
 j - a +0 whip of flaming
 m - a +3 trident of chaos (weapon)
Armour
 b - a +1 scale mail
 c - a +0 buckler
 f - a +0 pair of gloves
 i - a +0 kite shield (worn)
 w - a +0 pair of gloves (worn)
 B - the +3 leather armour of the Serpent {*Corrode +Inv rF+ rC+}
   (You bought it in a shop on level 6 of the Dungeon)

   rF:        It protects you from fire.
   rC:        It protects you from cold.
   +Inv:      It lets you turn invisible.
   *Corrode:  It may corrode you when you take damage.
 C - a +2 chain mail of cold resistance (worn)
Jewellery
 z - a ring of magical power
 A - a ring of ice
Wands
 e - a wand of charming (9)
 r - a wand of paralysis (13)
 s - a wand of acid (6)
 v - a wand of digging (5)
 x - a wand of iceblast (4)
Scrolls
 h - a scroll of identify
 k - 5 scrolls of teleportation
 y - a scroll of magic mapping
 E - a scroll of summoning {unknown}
Potions
 d - a potion of might
 g - 3 potions of cancellation
 l - 3 potions of curing
 n - 3 potions of attraction
 o - a potion of flight
 p - a potion of invisibility
 q - 2 potions of haste
 t - 2 potions of berserk rage
 u - 2 potions of lignification {unknown}


   Skills:
 + Level 7.1 Fighting
 - Level 2.3(5.6) Axes
 * Level 8.1(8.2) Polearms
 + Level 6.5 Armour
 + Level 6.5 Shields


You had 9 spell levels left.
You didn't know any spells.
Your spell library contained the following spells:

 Spells                   Type           Power      Damage    Failure   Level
 Apportation              Tloc           0%         N/A       100%        1
 Beastly Appendage        Tmut           0%         N/A       100%        1
 Wereblood                Tmut           0%         N/A       100%        2
 Spider Form              Tmut/Pois      0%         N/A       100%        3
 Animate Skeleton         Necr           Unusable   N/A       N/A         1
 Summon Small Mammal      Summ           Unusable   N/A       N/A         1

Dungeon Overview and Level Annotations

Branches:
Dungeon (9/15)             Temple (1/1) D:5
   Lair: D:8-11         Orc: D:9-12

Altars:
Ashenzari
Fedhas
Hepliaklqana
Okawaru
Qazlal

Shops:
D:2 (   D:6 [


Innate Abilities, Weirdness & Mutations

You have a pair of small horns on your head.
You are mostly covered in large bone plates. (SH +6)
You sometimes emit foul miasma when damaged in melee.
You regenerate health from kills.


Message History

Unknown command.
You puncture the wraith! Lightning courses through the wraith!!
You destroy the wraith!
Okawaru accepts your kill.
The orc warrior hits you from afar with a +0 halberd!
The centaur shoots an arrow.
You block the arrow.
Unknown command.
The centaur shoots an arrow.
The arrow hits you.
The centaur shoots an arrow.
You block the arrow.
The orc wizard gestures wildly while chanting.
The orc wizard flickers and vanishes!
You hit the orc priest. You freeze the orc priest.
The orc priest is moderately wounded.
The orc warrior hits you with a +0 halberd!
Unknown command.
You puncture the orc priest!
You kill the orc priest!
Okawaru accepts your kill.
The centaur shoots an arrow.
The arrow hits you. You block the two-headed ogre's attack.
The two-headed ogre barely misses you. You block the orc warrior's attack.
Something hits you but does no damage.
You have reached level 10!
Your demonic ancestry asserts itself...
Large bone plates spread over more of your arms.
You puncture the two-headed ogre! You freeze the two-headed ogre.
You headbutt the two-headed ogre!
The two-headed ogre is almost dead.
The orc warrior hits you with a +0 halberd!
You block the two-headed ogre's attack.
The two-headed ogre hits you with a +0 giant spiked club!
* * * LOW HITPOINT WARNING * * *
The centaur unwields a +0 shortbow.
The centaur hits you.
* * * LOW HITPOINT WARNING * * *
The centaur kicks you.
* * * LOW HITPOINT WARNING * * *
You emit a cloud of foul miasma!
You hear some strange, mumbled words.
A magic dart appears from out of thin air!
The magic dart hits you!
You die...

....o..?.........
.................
.................
....(.O..........
.$#####..........
#.. ###...####
#.8. #{..#
#...###{O.#
......o@c.#
........###
........#
#.......####
#...[...^.)#
#.......)<.#
........)..#
⌠.###...#### ..
#.8.#


You could see a two-headed ogre (agile), an orc warrior and a centaur.

Vanquished Creatures
  Pikel (D:4)
  A wraith (D:9)
  A hornet zombie (D:6)
  An orc warrior (D:9)
  2 sky beasts (D:7)
  2 ice beasts
  6 black bears
  A necrophage (D:7)
  5 ogres (D:5)
  2 phantoms
  A bullfrog (D:6)
  Blork the orc (D:6)
  A gnoll sergeant (D:8)
  2 scorpions
  A water moccasin skeleton (D:6)
  4 wights (D:7)
  A centaur zombie (D:6)
  A hound (D:5)
  2 bullfrog skeletons
  6 orc priests
  2 jellies
  4 iguanas
  9 orc wizards
  Ijyb (D:5)
  A hound skeleton (D:5)
  2 howler monkey zombies (D:8)
  11 gnolls
  A howler monkey skeleton (D:4)
  6 adders
  A dart slug (D:2)
  30 orcs
  4 endoplasms
  3 giant cockroaches
  3 goblins (D:1)
  6 hobgoblins
  4 jackals (D:3)
  6 kobolds
  3 quokkas
  A ball python (D:4)
  5 bats
  7 frilled lizards
  3 rats
  A spectral kobold (D:1)
156 creatures vanquished.

Notes
Turn   | Place    | Note
-------+----------+-------------------------------------------
     0 | D:1      | Sin92 the Demonspawn Fighter began the quest for the Orb.
     0 | D:1      | Reached XP level 1. HP: 18/18 MP: 1/1
   133 | D:1      | Found a faded altar of an unknown god.
   255 | D:1      | Gained mutation: You may rarely emit foul miasma when
                  | damaged in melee. [demonic ancestry]
   255 | D:1      | Reached XP level 2. HP: 24/24 MP: 2/2
  1100 | D:2      | Gained mutation: You are partially covered in large bone
                  | plates. (SH +4) [demonic ancestry]
  1100 | D:2      | Reached XP level 3. HP: 26/29 MP: 3/3
  1868 | D:2      | Found Atwarpho's Weapon Shop.
  2522 | D:3      | Gained mutation: You have a pair of small horns on your
                  | head. [demonic ancestry]
  2522 | D:3      | Reached XP level 4. HP: 30/35 MP: 4/4
  2593 | D:3      | Reached skill level 1 in Polearms
  2836 | D:3      | Gained mutation: You regenerate a little health from kills.
                  | [demonic ancestry]
  2836 | D:3      | Reached XP level 5. HP: 42/42 MP: 5/5
  2845 | D:3      | HP: 1/42 [orc priest/divine providence (14)]
  2847 | D:3      | Reached skill level 2 in Polearms
  3144 | D:3      | Found a broken altar of Ashenzari.
  3407 | D:4      | Reached XP level 6. HP: 48/48 MP: 6/6
  3442 | D:4      | Noticed an ice beast
  3456 | D:4      | Killed an ice beast
  3457 | D:4      | Reached skill level 3 in Polearms
  3674 | D:4      | Noticed Pikel
  3686 | D:4      | Killed Pikel
  3687 | D:4      | Reached skill level 4 in Polearms
  3687 | D:4      | Gained mutation: You sometimes emit foul miasma when
                  | damaged in melee. [demonic ancestry]
  3687 | D:4      | Reached XP level 7. HP: 31/55 MP: 7/7
  4290 | D:5      | Entered Level 5 of the Dungeon
  4290 | D:5      | Noticed Ijyb
  4299 | D:5      | Killed Ijyb
  4300 | D:5      | Reached skill level 5 in Fighting
  4308 | D:5      | Reached XP level 8. HP: 59/62 MP: 8/8
  4473 | D:5      | Reached skill level 5 in Polearms
  4736 | D:5      | Reached skill level 5 in Armour
  5015 | D:5      | Found a stormy altar of Qazlal.
  5025 | D:5      | Found an iron altar of Okawaru.
  5028 | D:5      | Found a hazy altar of Hepliaklqana.
  5031 | D:5      | Found a blossoming altar of Fedhas.
  5173 | D:5      | Found a staircase to the Ecumenical Temple.
  5180 | D:5      | Reached skill level 5 in Shields
  5505 | D:5      | HP: 2/64 [poisoned by an adder]
  5510 | D:5      | HP: 3/64 [ogre/+0 giant spiked club (5)]
  5512 | D:5      | Reached skill level 6 in Polearms
  6595 | D:5      | Became a worshipper of Warmaster Okawaru
  6640 | Temple   | Entered the Ecumenical Temple
  6690 | D:6      | Gained mutation: You regenerate health from kills. [demonic
                  | ancestry]
  6690 | D:6      | Reached XP level 9. HP: 52/69 MP: 9/9
  6847 | D:6      | Noticed Blork the orc
  6855 | D:6      | Killed Blork the orc
  7108 | D:6      | Found Vewk's Antique Armour Shop.
  7262 | D:6      | Reached skill level 7 in Polearms
  7765 | D:6      | Bought a faintly glowing leather armour for 147 gold pieces
  7765 | D:6      | Identified the +3 leather armour of the Serpent {*Corrode
                  | +Inv rF+ rC+} (You bought it in a shop on level 6 of the
                  | Dungeon)
  7765 | D:6      | Bought a shiny chain mail for 157 gold pieces
  7950 | D:7      | Reached * piety under Okawaru
  7964 | D:7      | Identified the +0 leather armour "Jurhiar" {rC- Will++
                  | Regen+}
  9105 | D:9      | Reached skill level 8 in Polearms
  9121 | D:9      | Noticed a two-headed ogre
  9135 | D:9      | Reached ** piety under Okawaru
  9141 | D:9      | Gained mutation: You are mostly covered in large bone
                  | plates. (SH +6) [demonic ancestry]
  9141 | D:9      | Reached XP level 10. HP: 34/79 MP: 10/10
  9141 | D:9      | Killed from afar by an orc wizard

Illustrated notes

Levels and vault maps discovered:
D:1:      ebering_hopf_link, layout_loops_ring,
          dreamdust_ecumenical_altar_drowned_temple
D:2:      layout_basic, serial_shops, shop
D:3:      cheibrodos_pilgrimage, layout_rooms, lemuel_tele_altar
D:4:      layout_cave_pods, uniq_pikel
D:5:      minmay_opposing_rooms, layout_layer_cave,
          grunt_temple_overflow_cloverleaf, minmay_temple_entry_statues_pillars,
          grunt_ministairs_6, nicolae_figureground_sparkle, uniq_ijyb
D:6:      layout_cave_pools, nicolae_inconvenience_store, uniq_blork_the_orc
D:7:      layout_cave_pools
D:8:      layout_basic, nrook_uturn, minmay_misc_feat_doors
D:9:      layout_cross, nicolae_overflow_quartered_altars,
          nicolae_elevator_lobby_asterisk
Temple:   nicolae_temple_figure_eight

Skill      XL: |  1  2  3  4  5  6  7  8  9 |
---------------+----------------------------+-----
Axes           | 2 |  2.3
Armour         | 3 4 5 6 |  6.5
Shields        | 3 4 5 6 |  6.5
Polearms       | 1 2 4 6 8 |  8.1
Fighting       | 4 5 6 7 |  7.1

Action                   |  1- 3 |  4- 6 |  7- 9 | 10-12 || total
-------------------------+-------+-------+-------+-------++-------
Melee: War axe           |   113 |       |       |       ||   113
       Trident           |    28 |    65 |   316 |     1 ||   410
       Headbutt          |       |    11 |    46 |     1 ||    58
  Use: Scroll            |       |     8 |     7 |       ||    15
       Potion            |       |     1 |     5 |       ||     6
Armor: Scale mail        |    68 |    30 |    83 |       ||   181
       Chain mail        |       |       |    60 |       ||    60
Dodge: Dodged            |    66 |    20 |    71 |       ||   157
Block: Buckler           |    16 |       |       |       ||    16
       Kite shield       |    59 |    35 |   201 |     1 ||   296
